 Dungeon Crawl Stone Soup version 0.19.0-16-g73b5abf (webtiles) character file.

3 RKaid the Caller (level 1, 0/11 HPs)
             Began as a Halfling Summoner on Nov 10, 2016.
             Slain by a gnoll
             ... wielding a +0 flail
              (11 damage)
             ... on level 1 of the Dungeon.
             The game lasted 00:02:54 (529 turns).

RKaid the Caller (Halfling Summoner)                 Turns: 529, Time: 00:02:54

Health: 0/11       AC:  3    Str:  9    XL:     1   Next: 55%
Magic:  0/3        EV: 15    Int: 13    God:
Gold:   56         SH:  0    Dex: 14    Spells: 1 memorised, 2 levels left

rFire  + . .     SeeInvis .     d - +0 hunting sling
rCold  . . .     Gourm    .     a - +0 robe
rNeg   . . .     Faith    .     (shield restricted)
rPois  .         Spirit   .     (no helmet)
rElec  .         Reflect  .     (no cloak)
rCorr  .         Harm     .     g - +0 pair of gloves
MR     .....                    (no boots)
Stlth  ++........               (no amulet)
                                h - ring of protection from fire {rF+, !d}
                                e - ring of flight {+Fly, !d}

@: no status effects
A: mutation resistance 1
a: Evoke Flight


You were on level 1 of the Dungeon.
You were not hungry.

You visited 1 branch of the dungeon, and saw 1 of its levels.

You collected 56 gold pieces.

Inventory:

Hand Weapons
 d - a +0 hunting sling (weapon)
   (You found it on level 1 of the Dungeon)
Missiles
 j - 26 stones (quivered)
Armour
 a - a +0 robe (worn)
 g - a +0 pair of gloves (worn)
   (You found it on level 1 of the Dungeon)
Jewellery
 e - a ring of flight (left hand) {+Fly, !d}
   (You found it on level 1 of the Dungeon)
 h - a ring of protection from fire (right hand) {rF+, !d}
   (You found it on level 1 of the Dungeon)
Scrolls
 i - a scroll of enchant weapon {unknown}
 k - a scroll of noise {unknown}
Books
 b - a book of Callings
Comestibles
 c - a bread ration
 f - 8 fruits
 l - a chunk of flesh


   Skills:
 * Level 0.4 Slings
 - Level 2.1 Dodging
 - Level 2.1 Stealth
 + Level 1.6 Spellcasting
 + Level 3.3 Summonings


You had 2 spell levels left.
You knew the following spells:

 Your Spells              Type           Power        Failure   Level  Hunger
a - Summon Small Mammal   Summ           #...         10%         1    ##.....


Dungeon Overview and Level Annotations

Branches:
Dungeon (1/15)

Altars:
The Shining One


Innate Abilities, Weirdness & Mutations

You are small and have problems with some larger weapons.
You are somewhat resistant to further mutation.


Message History

You start resting.
Your magical contamination has completely faded away.
You start resting.
Your rat disappears in a puff of smoke!
Your bat disappears in a puff of smoke!
You see here a frilled lizard corpse.
You butcher the frilled lizard corpse.
g - a chunk of flesh
e - a glowing marble ring Put on which piece of jewellery? (? for menu, Esc to quit)
e - a ring of flight (left hand)
A gnoll comes into view. It is wielding a flail.
Okay, then.
h - a pearl ring Put on which piece of jewellery? (? for menu, Esc to quit)
h - a ring of protection from fire (right hand) Unknown command.
As you open the door, it creaks loudly!
There is an open door here.
Found an escape hatch in the floor.
i - a scroll labeled YCYASI CADELI All of the chunks of flesh in your inventory have rotted away.
g - a pair of gloves Wear which item? (? for menu, Esc to quit)
You start putting on your armour.
You continue putting on your pair of gloves. x4
You finish putting on your +0 pair of gloves.
j - 26 stones Wield which item (- for none, * to show all)? (? for menu, Esc to quit)
d - a +0 hunting sling (weapon)
You now have 35 gold pieces (gained 10).
Found a scroll labeled IMUEZU JUKOGG.
Found a stone staircase leading down.
A kobold comes into view.
It is wielding an enchanted short sword.
Firing (i - inventory):
j - 26 stones (quivered)
Press: ? - help, Shift-Dir - straight line, f - kobold
Aim: a kobold, wielding an enchanted short sword (resting)
You shoot a stone. The stone hits the kobold.
The kobold shouts!
The kobold throws a stone.
The stone hits you but does no damage.
Firing (i - inventory):
j - 25 stones (quivered)
Press: ? - help, Shift-Dir - straight line, f/p - kobold
Aim: a kobold, wielding an enchanted short sword (moderately wounded)
You shoot a stone. The stone hits the kobold.
You kill the kobold!
j - 25 stones (gained 1)
k - a scroll labeled IMUEZU JUKOGG
j - 29 stones (gained 4)
You see here an enchanted short sword.
Unknown command.
Unknown command.
Found a glowing golden altar of the Shining One.
You open the door.
There is an open door here.
There is an open door here.
A frilled lizard comes into view.
Firing (i - inventory):
j - 29 stones (quivered)
Press: ? - help, Shift-Dir - straight line, f - frilled lizard
Aim: a frilled lizard (resting)
You shoot a stone. The stone hits the frilled lizard.
You kill the frilled lizard!
j - 29 stones (gained 1)
You butcher the frilled lizard corpse.
l - a chunk of flesh You see here a frilled lizard skeleton. x2
Found a stone staircase leading down.
You now have 49 gold pieces (gained 14).
You open the door.
There is an open door here.
You now have 56 gold pieces (gained 7).
f - 8 fruits (gained 4)
The gnoll shouts!
The gnoll is too close now for your liking.
Firing (i - inventory):
j - 29 stones (quivered)
Press: ? - help, Shift-Dir - straight line, f - gnoll
Aim: a gnoll, wielding a flail You shoot a stone.
The stone hits the gnoll but does no damage.
Firing (i - inventory):
j - 28 stones (quivered)
Press: ? - help, Shift-Dir - straight line, f/p - gnoll
Aim: a gnoll, wielding a flail You shoot a stone.
The stone hits the gnoll.
Firing (i - inventory):
j - 27 stones (quivered)
Press: ? - help, Shift-Dir - straight line, f/p - gnoll
Aim: a gnoll, wielding a flail (lightly wounded)
You shoot a stone.
The stone hits the gnoll but does no damage.
Casting: Summon Small Mammal
Confirm with . or Enter, or press ? or * to list all spells.
The gnoll closely misses your bat.
Casting: Summon Small Mammal
Confirm with . or Enter, or press ? or * to list all spells.
Your bat hits the gnoll. The gnoll misses you.
Your bat hits the gnoll but does no damage.
Casting: Summon Small Mammal
Confirm with . or Enter, or press ? or * to list all spells.
Your bat barely misses the gnoll.
Your bat misses the gnoll. The gnoll hits you with a flail!
Ouch! That really hurt!
You die...

♣♣P.♣............................
♣PP.♣..........#######...........
♣PP.♣..........##########'#......
....♣.........###......##.#.###..
♣♣.♣♣....####.# #......##.#.##...
..............###......##.#.##...
................b......+.........
......#................##.#.###..
..#...#[..#.....@r...............
...#..#..#...#.bg.#...###.####..#
#..#..#..#..#....................
.#..#.#.#..#......#.......##.....
..#.#.#.#.#...#...#....##........
#..#.#.#.#..##....#....'..##.....
.##.#...#.##....(.#....##........
...#.....#......(.#.#####........
###...<...######(.#.............P


You could see a gnoll, 2 friendly bats and a friendly rat.

Vanquished Creatures
  A frilled lizard (D:1)
  A kobold (D:1)
2 creatures vanquished.

Vanquished Creatures (collateral kills)
  A ball python (D:1)
  A bat (D:1)
  A frilled lizard (D:1)
3 creatures vanquished.

Grand Total: 5 creatures vanquished

Notes
Turn   | Place    | Note
-------+----------+-------------------------------------------
     0 | D:1      | RKaid the Halfling Summoner began the quest for the Orb.
     0 | D:1      | Reached XP level 1. HP: 11/11 MP: 3/3
   401 | D:1      | Found a glowing golden altar of the Shining One.
   529 | D:1      | Slain by a gnoll

Action                   || total
-------------------------++-------
 Fire: Hunting sling     ||     6
 Cast: Summon Small Mamm ||     8
Armor: Robe              ||     2
Dodge: Dodged            ||     8

Vault maps used:
D:1:      minmay_arrival_radiant_lines, serial_forest,
          infiniplex_forest_corner_2, infiniplex_forest_corner_1,
          infiniplex_forest_corner_2, infiniplex_forest_clump_medium,
          infiniplex_forest_clump_small, infiniplex_forest_clump_tiny,
          tso_metal_star

Table legend:
 A = Turns spent in this place as a percentage of turns spent in the entire game.
 B = Non-inter-level travel turns spent in this place as a percentage of non-inter-level travel turns spent in the entire game.
 C = Inter-level travel turns spent in this place as a percentage of turns spent in this place.
 D = Turns resting spent in this place as a percentage of non-inter-level travel turns spent in this place.
 E = Turns spent auto-exploring this place as a percentage of non-inter-level travel turns spent in this place.
 F = Non-inter-level travel turns spent in this place divided by the number of levels of this place that you've seen.
                   A       B       C       D       E      F
               +-------+-------+-------+-------+-------+----------------------
         Total | 100.0 | 100.0 |   0.0 |   1.3 |   3.0 | 231.0
       Dungeon | 100.0 | 100.0 |   0.0 |   1.3 |   3.0 | 231.0
               +-------+-------+-------+-------+-------+----------------------

Table legend:
 A = Kills in this place as a percentage of kills in entire the game.
 B = Kills by you in this place as a percentage of kills by you in the entire game.
 C = Kills by friends in this place as a percentage of kills by friends in the entire game.
 D = Other kills in this place as a percentage of other kills in the entire game.
 E = Experience gained in this place as a percentage of experience gained in the entire game.
 F = Experience gained in this place divided by the number of levels of this place that you have seen.
                   A       B       C       D       E      F
               +-------+-------+-------+-------+-------+----------------------
         Total | 100.0 | 100.0 | 100.0 |  -nan | 100.0 |   5.0
       Dungeon | 100.0 | 100.0 | 100.0 |  -nan | 100.0 |   5.0
               +-------+-------+-------+-------+-------+----------------------
